AoeStats
← Mmhhhhhhhhhhhhhhhhhhhhhhh

Arabia

510928366Analyzed
1v1 RM · 21h ago on Oct 3, 2026· 32m 48s· 2 players
Game mode
Random Map
Map size
Tiny (2 player)
Population
200
Speed
Normal
Resources
Standard
Victory
Conquest
Starting age
Dark Age
Ending age
Imperial Age
RankedLock teamsTeams togetherTeam positionsShared explorationLock speedFull tech treeHidden civsTurbo modeCheats
Victory
Defeat
🇨🇱 Celts · Chile
1049
+15
🇦🇷 Danes · Argentina
1031
-15
Mmhhhhhhhhhhhhhhhhhhhhhhh
7:53 Loom
9:41 Feudal Age
7:58 Loom
10:25 Man-at-Arms
11:09 Double-Bit Axe
13:09 Arson
15:03 Town Watch
15:53 Wheelbarrow
21:10 Castle Age
20:22 Scale Barding Armor
20:27 Forging
20:04 Horse Collar
21:00 Bloodlines
23:42 Husbandry
27:42 Iron Casting
29:48 Squires
29:08 Long Swordsman
30:25 Scale Mail Armor
31:42 Chain Mail Armor
31:55 Redemption
gbacigalupo
6:40 Loom
10:07 Feudal Age
10:33 Double-Bit Axe
10:10 Man-at-Arms
10:34 Horse Collar
15:10 Gold Mining
18:35 Fletching
21:08 Castle Age
22:19 Bow Saw
23:27 Heavy Plow
28:09 Pikeman
32:41 Imperial Age
32:35 Scale Mail Armor
32:46 Forging
32:32 Bodkin Arrow
33:18 Wheelbarrow
32:31 Town Watch
Connection lost

Rejoining the realm…

Still unreachable

The connection could not be restored.

Session expired

The server has moved on; the page needs a fresh start.